 Dungeon Crawl Stone Soup version 0.19.0-24-gb05acd6 (webtiles) character file.

57 Rrauwl the Skirmisher (level 4, -3/40 HPs)
             Began as a Hill Orc Fire Elementalist on Nov 22, 2016.
             Was a Follower of Nemelex Xobeh.
             Killed from afar by a twister (10 damage)
             ... with a tornado
             ... summoned by a card of wild magic
             ... on level 3 of the Dungeon.
             The game lasted 00:12:26 (1755 turns).

Rrauwl the Skirmisher (Hill Orc Fire Elementalist)  Turns: 1755, Time: 00:12:27

Health: -3/40      AC:  3    Str: 10    XL:     4   Next: 0%
Magic:  2/6        EV: 12    Int: 18    God:    Nemelex Xobeh [*.....]
Gold:   133        SH:  0    Dex: 12    Spells: 1 memorised, 5 levels left

rFire  . . .     SeeInvis .     e - +0 short sword
rCold  + . .     Gourm    .     a - +0 robe
rNeg   . . .     Faith    .     (no shield)
rPois  .         Spirit   .     j - +0 helmet
rElec  .         Reflect  .     (no cloak)
rCorr  .         Harm     .     (no gloves)
MR     .....                    (no boots)
Stlth  ++........               (no amulet)
                                k - +3 ring of intelligence
                                f - ring of protection from cold

@: flying (expiring), very slightly contaminated
A: no striking features
a: Renounce Religion


You were on level 3 of the Dungeon.
You worshipped Nemelex Xobeh.
Nemelex Xobeh was aware of your devotion.
You were not hungry.

You visited 1 branch of the dungeon, and saw 4 of its levels.

You collected 133 gold pieces.

Inventory:

Hand Weapons
 e - a +0 short sword (weapon)
Armour
 a - a +0 robe (worn)
 j - a +0 helmet (worn)
Jewellery
 d - an uncursed ring of see invisible
 f - a ring of protection from cold (left hand)
 k - a +3 ring of intelligence (right hand)
Scrolls
 h - a scroll of identify
Potions
 l - 2 potions of might
Books
 b - a book of Flames

   Spells                             Type                      Level
   a - Flame Tongue                   Conjuration/Fire             1
   b - Throw Flame                    Conjuration/Fire             2
   c - Conjure Flame                  Conjuration/Fire             3
   d - Inner Flame                    Hexes/Fire                   3
   e - Sticky Flame                   Conjuration/Fire             4
   f - Fireball                       Conjuration/Fire             5
Miscellaneous
 i - a plain deck of destruction {drawn: 1}
Comestibles
 c - 2 bread rations
 g - a meat ration
 m - 6 chunks of flesh
 n - a royal jelly


   Skills:
 + Level 4.2 Fighting
 - Level 1.5 Dodging
 - Level 1.5 Stealth
 - Level 1.5 Spellcasting
 - Level 1.0 Conjurations
 - Level 3.2 Fire Magic


You had 5 spell levels left.
You knew the following spells:

 Your Spells              Type           Power        Failure   Level  Hunger
a - Flame Tongue          Conj/Fire      #....        10%         1    ##.....


Dungeon Overview and Level Annotations

Branches:
Dungeon (4/15)
 Temple: D:4-7

Altars:
Nemelex Xobeh
Vehumet
Xom


Message History

You hit the orc but do no damage.
The orc is severely wounded.
The orc hits you with a short sword! The orc hits you but does no damage.
You draw a card...
It is Wild Magic.
The vortex of raging winds lifts you up.
You fly up into the air.
A huge vortex of air appears!
The orc momentarily stiffens.
You feel a surge of magic.
You feel your power returning.
You are engulfed in raging winds.
The orc hits your twister with a short sword.
You hit the orc.
The orc is almost dead.
You are engulfed in raging winds.
You float gracefully downwards.
The orc dies!
The vortex of raging winds lifts you up.
You fly up into the air.
* * * LOW HITPOINT WARNING * * *
The orc dies!
You have reached level 4!
You die...
Your body disappears without a glow.

#....#
#....#
#....###
#......
#..$.#
#...#
###†##
#§§§§#
#)#@§#
#.#v§#
#.#§§#
#.§§§#
######


You could see a friendly twister.

Vanquished Creatures
  3 worms (D:2)
  A dart slug (D:2)
  A leopard gecko (D:2)
  2 orcs (D:3)
  4 giant cockroaches
  6 goblins
  5 hobgoblins
  2 jackals (D:1)
  5 kobolds
  A quokka (D:3)
  2 bats (D:2)
  3 rats
35 creatures vanquished.

Vanquished Creatures (collateral kills)
  2 orcs (D:3)
2 creatures vanquished.

Vanquished Creatures (others)
  A goblin (D:1)
  A hobgoblin (D:1)
2 creatures vanquished.

Grand Total: 39 creatures vanquished

Notes
Turn   | Place    | Note
-------+----------+-------------------------------------------
     0 | D:1      | Rrauwl the Hill Orc Fire Elementalist began the quest for the Orb.
     0 | D:1      | Reached XP level 1. HP: 14/14 MP: 3/3
    41 | D:1      | Reached skill level 1 in Fighting
   103 | D:1      | Reached skill level 2 in Fighting
   103 | D:1      | Reached XP level 2. HP: 15/24 MP: 4/4
   144 | D:1      | Found a sparkling altar of Nemelex Xobeh.
   152 | D:1      | Became a worshipper of Nemelex Xobeh the Trickster
   301 | D:1      | Received a gift from Nemelex Xobeh
   694 | D:2      | Reached skill level 3 in Fighting
   694 | D:2      | Reached XP level 3. HP: 17/31 MP: 1/5
  1018 | D:2      | Found a radiant altar of Vehumet.
  1030 | D:2      | Found a shimmering altar of Xom.
  1169 | D:2      | You fall through a shaft for 2 floors!
  1298 | D:4      | Reached * piety under Nemelex Xobeh
  1728 | D:3      | Reached skill level 4 in Fighting
  1755 | D:3      | Reached XP level 4. HP: 7/40 MP: 2/6
  1755 | D:3      | Killed from afar by a twister

Skill      XL: |  1  2  3 |
---------------+----------+-----
Fighting       | 2 3 4 |  4.2
Dodging        | |  1.5
Stealth        | |  1.5
Spellcasting   | |  1.5
Conjurations   | |  1.0
Fire Magic     | |  3.2

Action                   |  1- 3 |  4- 6 || total
-------------------------+-------+-------++-------
Melee: Unarmed           |    13 |       ||    13
       Short sword       |   102 |       ||   102
 Cast: Flame Tongue      |    40 |       ||    40
Evoke: Deck              |     1 |       ||     1
  Use: Potion            |     5 |       ||     5
       Scroll            |    10 |       ||    10
 Stab: Sleeping          |     1 |       ||     1
  Eat: Chunk             |     4 |       ||     4
Armor: Robe              |    20 |       ||    20
Dodge: Dodged            |    81 |       ||    81
